Match 44428587
Unlisted

Match 44428587
End
Panzergrenadier Squad
250 Light Carrier
Panzergrenadier Squad
Construct Light Support Kompanie
MG34 Team
Fire Support Elements
Pak 38 Anti-tank Gun Team
Panzerjäger Squad
2.5-tonne Medical Truck
Construct Panzerarmee Kommand
Selects Panzerjäger Kommand Battlegroup
Selects GrB 39 Grenade Launcher Requisition
Selects Tank Busters
Panzer III L Medium Tank
Vehicle Survival Package
Panzer III L Medium Tank
Assault Grenadier Squad
Tungsten Core Ammunition
Selects Crew Shock Tactics
Selects Mine Fields
Selects Early Warning
Selects Butterfly Bomb Drop
Advanced Field Repairs
Early Warning
Walking Stuka Rocket Launcher
Rapid Advance
Butterfly Bomb Drop
Armored Reserves
Tiger Heavy Tank
Butterfly Bomb Drop
Advanced Optics
Veteran Squad Leaders
Homayoun98 [FOXES]
daShark 6
Romaneck
Der Ventilator
mreledil
Tanzeel
gUi
Wh1teLoki
0
0

Comments sign in to comment!

No comments posted yet!